 Dungeon Crawl Stone Soup version 0.20-a0-33-g996f6e0 (webtiles) character file.

26747 KristoblXynda the Covert (level 13, -11/65 HPs)
             Began as a Spriggan Enchanter on Nov 9, 2016.
             Was a Priest of Nemelex Xobeh.
             Mangled by a purple ugly thing (16 damage)
             ... on level 14 of the Dungeon.
             The game lasted 00:53:53 (17479 turns).

KristoblXynda the Covert (Spriggan Enchanter)      Turns: 17479, Time: 00:53:54

Health: -11/65     AC:  5    Str:  5    XL:     13   Next: 0%
Magic:  26/28      EV: 24    Int: 26    God:    Nemelex Xobeh [***...]
Gold:   392        SH:  7    Dex: 18    Spells: 8 memorised, 13 levels left

rFire  . . .     SeeInvis +     e - +2 dagger (speed)
rCold  + . .     Gourm    .     R - +1 robe {rC+}
rNeg   + . .     Faith    .     f - +0 buckler
rPois  .         Spirit   .     (helmet restricted)
rElec  .         Reflect  .     D - +1 cloak
rCorr  .         Harm     .     (gloves unavailable)
MR     ++...                    (boots unavailable)
Stlth  +++++.....               r - amulet of magic regeneration
                                F - ring of positive energy
                                b - +5 ring of intelligence

@: very quick
A: unfitting armour, see invisible, clever 1, herbivore 3, speed 3, slow
metabolism 2, MP-powered wands
a: Triple Draw, Renounce Religion


You were on level 14 of the Dungeon.
You worshipped Nemelex Xobeh.
Nemelex Xobeh was most pleased with you.
You were not hungry.

You visited 3 branches of the dungeon, and saw 16 of its levels.
You also visited: Ossuary.

You collected 784 gold pieces.
You spent 392 gold pieces at shops.

Inventory:

Hand Weapons
 e - a +2 dagger of speed (weapon)
 z - a +1 short sword of draining
Missiles
 j - a throwing net (quivered)
Armour
 f - a +0 buckler (worn)
 B - a +2 robe of magic resistance
 D - a +1 cloak (worn)
 R - a +1 robe of cold resistance (worn)
Jewellery
 b - a +5 ring of intelligence (left hand)
 r - an amulet of magic regeneration (around neck)
 F - a ring of positive energy (right hand)
 L - the amulet "Gazaduc" {Gourm *Contam Fragile rN+++ Int+4}
   (You found it on level 11 of the Dungeon)

   [amulet of the gourmand]

   It allows you to eat raw meat even when not hungry.
   It affects your intelligence (+4).
   It renders you almost immune to negative energy.
   It causes magical contamination when unequipped.
   It will be destroyed if unequipped.
 Q - a +2 ring of evasion
Wands
 q - a wand of acid (2/15)
 v - a wand of iceblast (6/15)
 x - a wand of teleportation (4/9)
 J - a wand of teleportation (4/9)
 K - a wand of iceblast (6/15)
Scrolls
 h - 5 scrolls of remove curse
 s - a scroll of teleportation
 E - a scroll of recharging
 P - 2 scrolls of magic mapping
Potions
 a - a potion of cancellation
 g - 2 potions of flight
 i - 4 potions of lignification
 k - a potion of invisibility
 l - a potion of haste
 m - 3 potions of brilliance
 o - 3 potions of agility
 w - 2 potions of curing
 A - 2 potions of magic
 M - 3 potions of ambrosia
Books
 c - a book of Maledictions

   Spells                             Type                      Level
   a - Corona                         Hexes                        1
   b - Ensorcelled Hibernation        Hexes/Ice                    2
   c - Confuse                        Hexes                        3
   d - Tukima's Dance                 Hexes                        3
   e - Dazzling Spray                 Conjuration/Hexes            3
 n - a book of Cantrips

   Spells                             Type                      Level
   a - Confusing Touch                Hexes                        1
   b - Animate Skeleton               Necromancy                   1
   c - Summon Small Mammal            Summoning                    1
   d - Apportation                    Translocation                1
 H - a book of Minor Magic

   Spells                             Type                      Level
   a - Magic Dart                     Conjuration                  1
   b - Blink                          Translocation                2
   c - Call Imp                       Summoning                    2
   d - Repel Missiles                 Charms/Air                   2
   e - Slow                           Hexes                        2
   f - Conjure Flame                  Conjuration/Fire             3
   g - Mephitic Cloud                 Conjuration/Poison/Air       3
Miscellaneous
 p - an ornate deck of summoning
 y - a plain deck of destruction {drawn: 7}
 I - a plain deck of escape {drawn: 2}
 N - an ornate deck of destruction
 O - a plain deck of escape
Comestibles
 d - 11 bread rations
 t - 5 fruits
 C - a slice of pizza


   Skills:
 - Level 6.1 Fighting
 - Level 5.0 Short Blades
 - Level 8.1 Dodging
 - Level 11.3 Stealth
 + Level 3.0 Shields
 - Level 10.2 Spellcasting
 - Level 3.0 Conjurations
 - Level 9.0 Hexes
 - Level 10.1 Charms
 + Level 0.0 Translocations
 + Level 6.3 Air Magic
 - Level 7.0 Invocations
 - Level 9.0 Evocations


You had 13 spell levels left.
You knew the following spells:

 Your Spells              Type           Power        Failure   Level  Hunger
a - Corona                Hex            ######.      1%          1    None
b - Ensorcelled Hibernat  Hex/Ice        #####.       1%          2    None
c - Confuse               Hex            ######..     1%          3    None
d - Tukima's Dance        Hex            ######..     1%          3    None
e - Dazzling Spray        Conj/Hex       #####.       1%          3    None
f - Blink                 Tloc           N/A          10%         2    None
g - Repel Missiles        Chrm/Air       ######       1%          2    None
h - Mephitic Cloud        Conj/Pois/Air  ####....     6%          3    None


Dungeon Overview and Level Annotations

Branches:
Dungeon (14/15)            Temple (1/1) D:7            Lair (1/6) D:11
    Orc (0/2) D:11         Vaults (0/5) D:13

Altars:
Ashenzari
Cheibriados
Dithmenos
Elyvilon
Fedhas
Gozag
Hepliaklqana
Kikubaaqudgha
Makhleb
Nemelex Xobeh
Okawaru
Qazlal
Ru
Sif Muna
Trog
Uskayaw
Vehumet
Xom
Yredelemnul
Zin
The Shining One

Shops:
D:6 %   D:9 ((:[   D:10 ?


Innate Abilities, Weirdness & Mutations

You are very small and have problems with some larger weapons.
You are too small for most types of armour.
You have supernaturally acute eyesight. (SInv)
You are a herbivore.
You cover ground extremely quickly.
You need consume almost no food.
Your mind is acute. (Int +2)
You expend magic power (3 MP) to strengthen your wands.


Message History

You hit the brown ugly thing but do no damage.
The brown ugly thing is severely wounded.
The brown ugly thing stings you but does no damage.
The purple ugly thing kicks you!
You barely miss the brown ugly thing.
The brown ugly thing is severely wounded.
The brown ugly thing misses you.
The red ugly thing basks in the mutagenic energy from its kin and changes!
The purple ugly thing completely misses you.
Okay, then.
You feel better. The brown ugly thing stings you.
You are splashed with acid!
The acid burns!
You block the purple ugly thing's attack.
The brown ugly thing stings you!
* * * LOW HITPOINT WARNING * * *
You are splashed with acid!
The acid burns!
* * * LOW HITPOINT WARNING * * *
The purple ugly thing kicks you!
You die...
Your body disappears without a glow.

#.....# ####.........#
###'### #######'### ##.# .
.# #..# #####'# ###.#####
..§.... #..>....#
###.......###
#.......###ch†.$....+..
#.......#uuu#.......##.###
#.......§@###.......#.....
#......§### ....u5c.....#
#.......# ............#
#.......# ...♣♣.......#
#.......# ....♣u..♣.u.#
######.## ............#
..# .PPP5..## ## uD.P...
♣...♣..


You could see 3 ugly things, a centaur and a hound.

Vanquished Creatures
  Rupert (D:13)
  Kirke (D:13)
  A yaktaur captain (D:13)
  Erica (D:8)
  3 hydras (D:12)
  Urug (D:13)
  2 skeletal warriors
  2 hill giants
  A phantasmal warrior (D:11)
  2 ugly things
  An orc sorcerer (D:11)
  A manticore (D:13)
  2 cyclopes
  Psyche (D:8)
  A gargoyle (D:12)
  2 yaktaurs (D:13)
  A komodo dragon (D:13)
  A harpy zombie (D:14)
  A freezing wraith (D:14)
  A troll (D:12)
  2 two-headed ogres
  5 hippogriffs
  3 vampires
  2 wraiths
  3 shadows
  A wyvern (D:14)
  A hill giant zombie (D:11)
  6 yaks
  A hungry ghost (D:11)
  4 hogs (D:13)
  Grum (D:9)
  2 vampire mosquitoes (D:14)
  Menkaure (Ossuary)
  2 orc warriors
  3 ice beasts (D:9)
  3 sky beasts
  An eye of draining (D:12)
  3 wolves (D:9)
  3 phantoms
  9 ogres
  12 centaurs
  2 crocodiles (D:9)
  A big kobold (D:9)
  The ghost of KristoblXynda the Sneak, an amateur SpEn (D:3)
  8 bullfrogs
  A wyvern skeleton (D:14)
  7 scorpions
  2 troll zombies (D:11)
  13 wights
  3 howler monkeys
  A bullfrog zombie (D:8)
  4 centaur zombies
  4 crimson imps
  A quasit (D:10)
  3 bullfrog skeletons
  A jelly (D:13)
  8 orc wizards
  An orc priest (D:5)
  3 hounds
  3 centaur skeletons
  3 iguanas
  Natasha (D:2)
  6 worker ants
  4 ogre zombies (D:11)
  2 hound zombies
  A hound skeleton (D:11)
  3 mummies (Ossuary)
  Robin (D:2)
  3 worker ant zombies
  4 adders
  3 gnolls (D:7)
  2 shadow imps (D:12)
  2 adder zombies
  A worm (D:4)
  3 dart slugs
  4 leopard geckos
  37 orcs
  5 giant cockroaches
  21 goblins
  9 hobgoblins
  6 jackals
  14 kobolds
  2 quokkas
  2 ball pythons
  11 bats
  4 frilled lizards
  4 gnoll skeletons (Ossuary)
  2 gnoll zombies (Ossuary)
  7 goblin skeletons
  6 goblin zombies
  3 hobgoblin skeletons (Ossuary)
  9 hobgoblin zombies
  2 kobold skeletons (Ossuary)
  3 kobold zombies (Ossuary)
  6 orc skeletons
  13 orc zombies
  4 rats (D:1)
  2 rat skeletons (Ossuary)
  5 rat zombies (Ossuary)
382 creatures vanquished.

Vanquished Creatures (collateral kills)
  A mana viper (D:11)
  2 ugly things (D:14)
  A scorpion (D:14)
  An orc wizard (D:14)
  An orc priest (D:14)
  An orc (D:14)
7 creatures vanquished.

Vanquished Creatures (others)
  A deep elf mage (D:13)
  2 humans (D:13)
  An ogre zombie (D:11)
  A gnoll zombie (Ossuary)
  A gnoll skeleton (Ossuary)
  A goblin skeleton (Ossuary)
  2 goblin zombies (Ossuary)
  A hobgoblin skeleton (Ossuary)
  A hobgoblin zombie (Ossuary)
  A kobold zombie (Ossuary)
  2 orc skeletons (Ossuary)
  A rat skeleton (Ossuary)
  A rat zombie (Ossuary)
  A fungus (D:4)
  5 plants (D:14)
22 creatures vanquished.

Grand Total: 411 creatures vanquished

Notes
Turn   | Place    | Note
-------+----------+-------------------------------------------
     0 | D:1      | KristoblXynda the Spriggan Enchanter began the quest for the Orb.
     0 | D:1      | Reached XP level 1. HP: 9/9 MP: 5/5
   411 | D:1      | Reached XP level 2. HP: 13/13 MP: 6/6
   451 | D:1      | Learned a level 2 spell: Ensorcelled Hibernation
   676 | D:1      | Reached skill level 5 in Stealth
  1634 | D:2      | Reached XP level 3. HP: 16/16 MP: 8/8
  1639 | D:2      | Learned a level 3 spell: Confuse
  2058 | D:2      | Noticed Robin
  2063 | D:2      | Noticed Natasha
  2065 | D:2      | Killed Robin
  2206 | D:2      | Reached XP level 4. HP: 9/21 MP: 6/10
  2215 | D:2      | Killed Natasha
  2215 | D:2      | Reached skill level 6 in Stealth
  2478 | D:2      | Gained mutation: You are weak. (Str -2) [potion of mutation]
  2478 | D:2      | Gained mutation: Your body sometimes deteriorates upon taking damage. [potion of mutation]
  2478 | D:2      | Lost mutation: You are weak. (Str -2) [potion of mutation]
  2667 | D:3      | Found a glowing golden altar of the Shining One.
  2742 | D:3      | Noticed KristoblXynda's ghost (amateur SpEn)
  2788 | D:3      | Learned a level 3 spell: Tukima's Dance
  2873 | D:3      | Killed KristoblXynda's ghost
  2873 | D:3      | Reached XP level 5. HP: 19/24 MP: 8/12
  3112 | D:4      | Reached skill level 5 in Hexes
  4022 | D:4      | Reached skill level 7 in Stealth
  4022 | D:4      | Reached skill level 5 in Spellcasting
  4037 | D:4      | Reached XP level 6. HP: 20/28 MP: 1/14
  4436 | D:4      | Reached skill level 8 in Stealth
  4436 | D:4      | Reached XP level 7. HP: 31/32 MP: 9/16
  4444 | D:5      | Entered Level 5 of the Dungeon
  5069 | D:5      | Reached skill level 9 in Stealth
  5882 | D:6      | Reached XP level 8. HP: 32/36 MP: 17/19
  6033 | D:6      | Found an ancient bone altar of Kikubaaqudgha.
  6088 | D:6      | Found Jual's Food Shoppe.
  6379 | D:6      | Reached skill level 10 in Stealth
  6824 | D:7      | Found a staircase to the Ecumenical Temple.
  6855 | Temple   | Entered the Ecumenical Temple
  7361 | Temple   | Became a worshipper of Nemelex Xobeh the Trickster
  7599 | D:7      | Reached skill level 11 in Stealth
  8064 | D:7      | Noticed a hippogriff
  8077 | D:7      | Killed a hippogriff
  8077 | D:7      | Reached skill level 1 in Evocations
  8077 | D:7      | Reached XP level 9. HP: 38/39 MP: 19/22
  8159 | D:8      | Reached skill level 1 in Invocations
  8195 | D:8      | Noticed Psyche
  8228 | D:8      | Found a sand-covered staircase.
  8236 | Ossuary  | Entered an ossuary
  8899 | Ossuary  | Noticed Menkaure
  8921 | Ossuary  | Killed Menkaure
  9179 | D:8      | Killed Psyche
  9226 | D:8      | Received a gift from Nemelex Xobeh
  9357 | D:8      | Noticed Erica
  9373 | D:8      | Killed Erica
  9373 | D:8      | Reached skill level 5 in Evocations
  9900 | D:8      | Learned a level 3 spell: Dazzling Spray
  9938 | D:9      | Reached skill level 10 in Spellcasting
  9944 | D:9      | Reached * piety under Nemelex Xobeh
 10001 | D:9      | Found Xawneko's Antique Armour Shop.
 10244 | D:9      | Noticed Grum
 10456 | D:9      | Reached XP level 10. HP: 44/44 MP: 22/25
 10618 | D:9      | Killed Grum
 10970 | D:9      | Reached skill level 5 in Invocations
 11008 | D:9      | Found Zihis Kagi's Book Shoppe.
 11086 | D:9      | Found Guwk's Antique Weapon Shop.
 11100 | D:9      | Received a gift from Nemelex Xobeh
 11259 | D:9      | Bought a book of Minor Magic for 280 gold pieces
 11514 | D:9      | Found Uwym's Weapon Emporium.
 11723 | D:10     | Entered Level 10 of the Dungeon
 11819 | D:10     | Reached ** piety under Nemelex Xobeh
 12274 | D:10     | Noticed a hill giant
 12297 | D:10     | Killed a hill giant
 12297 | D:10     | Reached skill level 5 in Short Blades
 12409 | D:10     | Found Jazelao's Magic Scroll Emporium.
 12412 | D:10     | Bought a scroll of identify for 28 gold pieces
 12412 | D:10     | Bought a scroll of identify for 28 gold pieces
 12412 | D:10     | Bought a scroll of identify for 28 gold pieces
 12412 | D:10     | Bought a scroll of identify for 28 gold pieces
 12614 | D:11     | Found a staircase to the Lair.
 12654 | D:11     | Noticed a death knight
 12655 | D:11     | Noticed a phantasmal warrior
 12656 | D:11     | Noticed a skeletal warrior
 12677 | D:11     | Noticed a mana viper
 12677 | D:11     | a death knight changed into a mana viper
 12696 | D:11     | Killed a mana viper
 12716 | D:11     | Killed a phantasmal warrior
 12738 | D:11     | Noticed an orc sorcerer
 12753 | D:11     | Killed an orc sorcerer
 12753 | D:11     | Reached skill level 1 in Fighting
 12753 | D:11     | Reached XP level 11. HP: 26/49 MP: 11/26
 12825 | D:11     | Reached skill level 5 in Dodging
 13053 | D:11     | Found a staircase to the Orcish Mines.
 13084 | D:11     | Learned a level 2 spell: Blink
 13087 | D:11     | Learned a level 2 spell: Repel Missiles
 13091 | D:11     | Learned a level 3 spell: Mephitic Cloud
 13226 | D:11     | Reached skill level 1 in Conjurations
 13616 | D:11     | Killed a skeletal warrior
 13675 | D:11     | Got a bound bone amulet
 13824 | Lair:1   | Entered Level 1 of the Lair of Beasts
 14094 | D:12     | Noticed a six-headed hydra
 14110 | D:12     | Killed a six-headed hydra
 14298 | D:12     | Received a gift from Nemelex Xobeh
 14316 | D:12     | Reached *** piety under Nemelex Xobeh
 14645 | D:12     | Noticed a red ugly thing
 14701 | D:12     | Killed a red ugly thing
 14930 | D:12     | Noticed a five-headed hydra
 14931 | D:12     | Reached skill level 1 in Charms
 14944 | D:12     | Noticed a skeletal warrior
 14965 | D:12     | Killed a skeletal warrior
 14965 | D:12     | Reached skill level 1 in Air Magic
 15029 | D:12     | Killed a five-headed hydra
 15063 | D:12     | HP: 1/54 [cyclops/large rock (23)]
 15225 | D:12     | Noticed an eight-headed hydra
 15253 | D:12     | Killed an eight-headed hydra
 15309 | D:12     | You fall through a shaft for 2 floors!
 15339 | D:14     | Noticed a red ugly thing
 15342 | D:14     | Noticed a red ugly thing
 15342 | D:14     | Noticed a red ugly thing
 15343 | D:14     | Noticed a red ugly thing
 15344 | D:14     | Noticed a red ugly thing
 15344 | D:14     | Noticed a red ugly thing
 15344 | D:14     | Noticed a seven-headed hydra
 15346 | D:14     | Noticed a hill giant
 15363 | D:13     | Reached skill level 5 in Charms
 15363 | D:13     | Reached XP level 12. HP: 54/59 MP: 27/27
 15613 | D:13     | Received a gift from Nemelex Xobeh
 15646 | D:13     | Reached skill level 5 in Fighting
 15659 | D:13     | Noticed Rupert
 15664 | D:13     | Noticed Kirke
 15688 | D:13     | Killed Rupert
 15965 | D:13     | Killed Kirke
 16227 | D:13     | Reached skill level 5 in Air Magic
 16443 | D:13     | Noticed a yaktaur captain
 16446 | D:13     | Reached skill level 1 in Shields
 16450 | D:13     | Killed a yaktaur captain
 16508 | D:13     | Found a gate to the Vaults.
 16516 | D:13     | Identified the amulet "Gazaduc" {Gourm *Contam Fragile rN+++ Int+4} (You found it on level 11 of the Dungeon)
 16525 | D:13     | Noticed Urug
 16540 | D:13     | Killed Urug
 16995 | D:14     | Gained mutation: You have sharp toenails. [potion of mutation]
 16995 | D:14     | Gained mutation: You expend magic power (3 MP) to strengthen your wands. [potion of mutation]
 16995 | D:14     | Gained mutation: Your mind is acute. (Int +2) [potion of mutation]
 16996 | D:14     | Lost mutation: Your body sometimes deteriorates upon taking damage. [potion of cure mutation]
 16996 | D:14     | Lost mutation: You have sharp toenails. [potion of cure mutation]
 17218 | D:14     | Received a gift from Nemelex Xobeh
 17294 | D:14     | Found a radiant altar of Vehumet.
 17450 | D:14     | Reached skill level 10 in Charms
 17467 | D:14     | Reached XP level 13. HP: 43/65 MP: 25/28
 17479 | D:14     | Mangled by a purple ugly thing

Vault maps used:
D:1:      dpeg_arrival_erosion
D:2:      uniq_robin, uniq_natasha
D:3:      tso_metal_star
D:4:      old_forge
D:5:      first_bread
D:6:      basic_altar, serial_shops, shop_fountains, hex_large
D:8:      lightli_ossuary_entry_decrepit_ruins, grunt_ogre_cave, uniq_erica,
          uniq_psyche
D:9:      serial_shops, shop_coins, nicolae_shop_waterfront, nicolae_shop_stone,
          shop, nrook_mini_backslash, roderic_st_hans_cross, uniq_grum
D:10:     serial_shops, kennysheep_mini_moat
D:11:     lair_0_dummy, zombieorc2_lemuel
D:12:     minmay_bent
D:13:     david_vaults_2, uniq_urug, uniq_rupert, uniq_kirke
D:14:     basic_altar, serial_park_square3
Temple:   roderic_octagonal_lattice_temple
Ossuary:  ossuary_due_pyramid

Skill      XL: |  1  2  3  4  5  6  7  8  9 10 11 12 |
---------------+-------------------------------------+-----
Spellcasting   | 3 4 5 6 8 10 | 10.2
Stealth        | 5 6 7 8 9 11 | 11.3
Hexes          | 4 5 6 7 8 9 |  9.0
Evocations     | 1 6 9 |  9.0
Invocations    | 4 7 |  7.0
Short Blades   | 5 |  5.0
Dodging        | 4 8 |  8.1
Fighting       | 1 4 6 |  6.1
Conjurations   | 3 |  3.0
Charms         | 5 10 | 10.1
Air Magic      | 2 6 |  6.3
Shields        | 3 |  3.0

Action                   |  1- 3 |  4- 6 |  7- 9 | 10-12 | 13-15 || total
-------------------------+-------+-------+-------+-------+-------++-------
Melee: Dagger            |   169 |   119 |   565 |   996 |     2 ||  1851
       Short sword       |       |       |       |    25 |       ||    25
 Cast: Ensorcelled Hiber |    19 |    13 |       |    10 |       ||    42
       Confuse           |       |    10 |    73 |   152 |     1 ||   236
       Dazzling Spray    |       |       |       |     9 |       ||     9
       Repel Missiles    |       |       |       |     1 |       ||     1
Evoke: Deck              |       |       |       |     9 |       ||     9
       Wand              |       |       |       |     6 |       ||     6
  Use: Scroll            |     4 |     6 |     9 |    18 |       ||    37
       Potion            |     1 |     2 |     1 |    11 |     1 ||    16
 Stab: Sleeping          |    22 |    14 |    23 |    33 |       ||    92
       Confused          |       |     7 |    45 |   116 |       ||   168
       Distracted        |       |       |       |     4 |       ||     4
       Invisible         |       |       |       |     2 |       ||     2
  Eat: Fruit             |       |     3 |       |       |       ||     3
       Bread ration      |       |       |     2 |       |       ||     2
       Pizza             |       |       |       |     2 |       ||     2
       Royal jelly       |       |       |       |     1 |       ||     1
Armor: Robe              |    17 |    16 |    28 |    61 |     1 ||   123
       Skin              |       |       |       |    11 |       ||    11
Dodge: Dodged            |   123 |    72 |   281 |   448 |     3 ||   927
       Deflected         |       |       |       |     2 |       ||     2
Block: Buckler           |       |       |       |    30 |     1 ||    31
